 Dungeon Crawl Stone Soup version 0.22-a0-525-gf69a0803ab (webtiles) character file.

11410 Banto the Covert (level 11, -5/61 HPs)
             Began as an Octopode Earth Elementalist on June 21, 2018.
             Was a High Priest of Vehumet.
             Slain by an ancient zyme (6 damage)
             ... on level 1 of the Abyss.
             The game lasted 00:26:47 (13920 turns).

Banto the Covert (Octopode Earth Elementalist)     Turns: 13920, Time: 00:26:47

Health: -5/61      AC:  4    Str:  8      XL:     11   Next: 77%
Magic:  17/21      EV: 17    Int: 21      God:    Vehumet [*****.]
Gold:   502        SH:  3    Dex: 12 (13) Spells: 4/14 levels left

rFire    + . .     SeeInvis +   E - +0 short sword (drain)
rCold    + . .     Gourm    .   (no shield)
rNeg     . . .     Faith    .   (helmet restricted)
rPois    .         Spirit   .   w - +3 amulet of reflection
rElec    .         Reflect  +   x - ring of resist corrosion
rCorr    +         Harm     .   u - ring of magical power
MR       .....                  p - ring of protection from fire
Stlth    ++++++....             A - ring of see invisible
HPRegen  0.00/turn              F - +5 ring of intelligence
MPRegen  0.17/turn              d - ring of protection from cold
                                z - +3 ring of protection
                                (no ring)

@: non-regenerating, diseased
A: almost no armour, stealthy swim, amphibious, 8 rings, constrict 8, camouflage
1, dopey 2, low mp 1, gelatinous body 1
a: Renounce Religion


You were on level 1 of the Abyss.
You worshipped Vehumet.
Vehumet was extremely pleased with you.
You were near starving.

You visited 2 branches of the dungeon, and saw 12 of its levels.
You visited the Abyss 1 time.

You collected 502 gold pieces.

Inventory:

Hand Weapons
 E - a +0 short sword of draining (weapon)
 G - a +0 dagger of speed
Missiles
 b - 246 stones (quivered)
 k - 2 throwing nets
 B - 5 curare-tipped needles
Magical Staves
 y - an uncursed staff of wizardry
Jewellery
 d - a ring of protection from cold (on tentacle)
 p - a ring of protection from fire (on tentacle)
 t - an uncursed ring of fire
 u - a ring of magical power (right tentacle)
 w - a +3 amulet of reflection (around mantle)
 x - a ring of resist corrosion (left tentacle)
 z - a +3 ring of protection (on tentacle)
 A - a ring of see invisible (on tentacle)
 F - a +5 ring of intelligence (on tentacle)
Wands
 j - a wand of flame (21)
 s - a wand of paralysis (15)
 C - a wand of iceblast (7)
Scrolls
 a - a scroll of teleportation
 f - 3 scrolls of enchant weapon
 n - 14 scrolls of remove curse
 r - a scroll of amnesia
 D - 3 scrolls of enchant armour
Potions
 e - 2 potions of flight
 g - a potion of heal wounds
 h - 2 potions of invisibility
 i - a potion of might {unknown}
 l - 2 potions of haste
 m - 5 potions of curing
 o - 2 potions of brilliance
 q - a potion of agility {unknown}
 v - a potion of lignification {unknown}
Comestibles
 c - 11 rations


   Skills:
 - Level 10.0 Short Blades
 + Level 7.3 Dodging
 - Level 12.0 Stealth
 + Level 2.0 Spellcasting
 + Level 0.3 Conjurations
 - Level 8.0 Transmutations
 - Level 8.1 Earth Magic


You had 4 spell levels left.
You knew the following spells:

 Your Spells              Type           Power        Failure   Level  Hunger
a - Sandblast             Erth           #####.       1%          1    #......
b - Passwall              Tmut/Erth      #####...     1%          2    ##.....
c - Petrify               Tmut/Erth      #####...     5%          4    #####..
d - Mephitic Cloud        Conj/Pois/Air  #.......     11%         3    ###....

Your spell library contained the following spells:

 Spells                   Type           Power        Failure   Level  Hunger
 Conjure Flame            Conj/Fire      #.......     11%         3    ###....
 Freezing Cloud           Conj/Ice/Air   #.........   99%         6    #######
 Ring of Flames           Chrm/Fire      #.........   100%        7    #######
 Venom Bolt               Conj/Pois      #.........   65%         5    ######.
 Olgreb's Toxic Radiance  Pois           #.......     34%         4    #####..
 Sting                    Conj/Pois      #...         4%          1    #......
 Stone Arrow              Conj/Erth      ###...       2%          3    ###....
 Lee's Rapid Deconstruct  Erth           #####.....   4%          5    ######.
 Poisonous Vapours        Pois/Air       #.....       22%         2    ##.....


Dungeon Overview and Level Annotations

Branches:
Dungeon (11/15)            Temple (1/1) D:4            Lair (0/6) D:10
    Orc (0/2) D:9

Altars:
Cheibriados
Elyvilon
Hepliaklqana
Kikubaaqudgha
Makhleb
Nemelex Xobeh
Okawaru
Qazlal
Ru
Sif Muna
Trog
Vehumet
Xom
Zin

Shops:
D:6 [

Annotations:
D:9 3 runed doors, D1HalberdGnoll's ghost, novice DsIE
D:11 Sonja


Innate Abilities, Weirdness & Mutations

You cannot wear most types of armour.
You are very stealthy in the water. (Stealth+)
You are amphibious.
You can wear up to eight rings at the same time.
You can use your tentacles to constrict eight enemies at once.
Your skin changes colour to match your surroundings (Stealth+).
Your rubbery body absorbs attacks. (AC +1, EV +1)
You are very dopey. (Int -4)
Your magical capacity is low. (-10% MP)


Message History

You take 2 damage, and have 13/61 hp.
Casting: Sandblast (safe; 1% risk of failure)
Confirm with . or Enter, or press ? or * to list all spells.
Aiming: Sandblast (safe; 1% risk of failure)
Press: ? - help, Shift-Dir - straight line, f/p - ancient zyme
Aim: an ancient zyme (severely damaged, constricted by you)
The blast of sand hits the ancient zyme.
The ancient zyme is severely damaged.
b - 246 stones You are near starving!
You constrict the ancient zyme, but do no damage.
The quasit closely misses you. x2
The quasit claws you but does no damage.
The quasit bites you.
* * * LOW HITPOINT WARNING * * *
The quasit barely misses you. The quasit closely misses you.
The ancient zyme hits you!
* * * LOW HITPOINT WARNING * * *
The ancient zyme hits you.
You die...

.#. #.. ## ... ..
...### #.. .......#
#.. ..... ##.# ##.#.#
###
##...###....##..####
.#....x#3.....5......
.......@5ยง...........
##.#####5###.........
#...##....... .###
#.....#........##.#
.......x..#######.
..#.....#......... .
..###...##..# ### . ..
. #.#.#..#..# ..###.#
#. .5#.##.. . # # #


You could see an ancient zyme, a neqoxec, a small abomination, 2 quasits and a
crimson imp.

Vanquished Creatures
  A manticore (D:8)
  Joseph (D:10)
  3 trolls (D:8)
  3 hornets (D:9)
  Prince Ribbit (D:7)
  A hippogriff (D:8)
  A slime creature (D:8)
  17 yaks
  Eustachio (D:4)
  A wraith (D:8)
  A small abomination (Abyss:1)
  A soldier ant (D:9)
  A water moccasin (D:7)
  3 porcupines (D:10)
  3 ice beasts
  7 orc warriors
  A necrophage (D:8)
  3 sky beasts
  3 phantoms
  6 ogres
  4 centaurs
  A crocodile (D:10)
  A big kobold (D:10)
  9 bullfrogs
  2 gnoll sergeants
  5 scorpions
  3 killer bees (D:10)
  7 howler monkeys
  4 jellies
  3 crimson imps
  A centaur zombie (D:6)
  2 hounds
  4 orc priests
  2 bullfrog skeletons
  A centaur skeleton (D:6)
  5 iguanas
  Natasha (thrice) (D:3)
  12 orc wizards
  5 worker ants
  A hound zombie (D:9)
  4 hound skeletons
  18 gnolls
  6 adders
  4 shadow imps
  2 oozes
  3 adder skeletons
  3 adder zombies
  5 worms
  A dart slug (D:2)
  5 leopard geckos
  47 orcs
  8 giant cockroaches
  6 goblins
  8 hobgoblins
  16 jackals
  4 quokkas
  11 bats
  2 frilled lizards (D:1)
  14 kobolds
  A leopard gecko skeleton (D:7)
  7 rats
309 creatures vanquished.

Vanquished Creatures (others)
  A worker ant (D:5)
  An orc (D:8)
  31 fungi (D:10)
  9 plants (D:10)
42 creatures vanquished.

Grand Total: 351 creatures vanquished

Notes
Turn   | Place    | Note
-------+----------+-------------------------------------------
     0 | D:1      | Banto the Octopode Earth Elementalist began the quest for the Orb.
     0 | D:1      | Reached XP level 1. HP: 11/11 MP: 3/3
    97 | D:1      | Reached skill level 3 in Stealth
   205 | D:1      | Reached XP level 2. HP: 12/17 MP: 5/5
   439 | D:1      | Learned a level 2 spell: Passwall
   989 | D:1      | Reached XP level 3. HP: 21/21 MP: 6/6
  1140 | D:1      | Reached skill level 4 in Stealth
  1294 | D:2      | Noticed a centaur
  1860 | D:2      | Reached XP level 4. HP: 16/27 MP: 4/7
  2061 | D:2      | Found a stormy altar of Qazlal.
  2061 | D:2      | Found a shimmering altar of Xom.
  2371 | D:3      | Reached skill level 5 in Stealth
  2384 | D:3      | Learned a level 4 spell: Petrify
  2584 | D:3      | Noticed Natasha
  2591 | D:3      | Killed Natasha
  2591 | D:3      | Reached XP level 5. HP: 31/31 MP: 6/8
  2706 | D:3      | Noticed Natasha
  2711 | D:3      | Killed Natasha
  2711 | D:3      | Reached skill level 6 in Stealth
  2792 | D:3      | Noticed Natasha
  2797 | D:3      | Killed Natasha
  2969 | D:4      | Reached skill level 5 in Earth Magic
  2969 | D:4      | Reached XP level 6. HP: 33/36 MP: 9/9
  3188 | D:4      | Reached skill level 7 in Stealth
  3196 | D:4      | Noticed Eustachio
  3330 | D:4      | Reached XP level 7. HP: 41/41 MP: 8/10
  3372 | D:4      | Killed Eustachio
  3372 | D:4      | Reached skill level 8 in Stealth
  3703 | D:4      | Found an iron altar of Okawaru.
  4203 | D:4      | Found a staircase to the Ecumenical Temple.
  4234 | Temple   | Entered the Ecumenical Temple
  4238 | Temple   | Became a worshipper of Vehumet
  4380 | D:4      | Reached skill level 9 in Stealth
  4483 | D:5      | Entered Level 5 of the Dungeon
  4514 | D:5      | Reached XP level 8. HP: 33/46 MP: 7/11
  4704 | D:5      | Found a snail-covered altar of Cheibriados.
  5504 | D:6      | Reached skill level 10 in Stealth
  5789 | D:6      | Found a sparkling altar of Nemelex Xobeh.
  6034 | D:6      | Reached skill level 11 in Stealth
  6056 | D:6      | Reached XP level 9. HP: 16/51 MP: 12/12
  6089 | D:6      | Reached skill level 1 in Short Blades
  6290 | D:6      | Found Raufajy's Antique Armour Shoppe.
  6316 | D:6      | Found a burning altar of Makhleb.
  6573 | D:6      | Reached * piety under Vehumet
  6573 | D:6      | Offered knowledge of Magic Dart by Vehumet.
  7032 | D:7      | Reached skill level 5 in Transmutations
  7423 | D:7      | Reached ** piety under Vehumet
  7426 | D:7      | Offered knowledge of Freeze by Vehumet.
  7538 | D:7      | Reached skill level 5 in Short Blades
  7546 | D:7      | Noticed Prince Ribbit
  7813 | D:7      | Reached XP level 10. HP: 40/56 MP: 13/13
  8123 | D:7      | Killed Prince Ribbit
  8241 | D:7      | Found a deep blue altar of Sif Muna.
  8396 | D:8      | Offered knowledge of Dazzling Spray by Vehumet.
  9270 | D:8      | Reached *** piety under Vehumet
  9808 | D:8      | Found a glowing silver altar of Zin.
 10385 | D:8      | Reached skill level 12 in Stealth
 10545 | D:8      | Noticed a manticore
 10553 | D:8      | Noticed a catoblepas
 10555 | D:8      | Killed a manticore
 10555 | D:8      | Reached XP level 11. HP: 57/61 MP: 14/14
 10560 | D:8      | Offered knowledge of Fulminant Prism by Vehumet.
 11207 | D:8      | Found a sacrificial altar of Ru.
 11356 | D:9      | Learned a level 3 spell: Mephitic Cloud
 11613 | D:9      | Reached skill level 5 in Dodging
 11656 | D:9      | Found a white marble altar of Elyvilon.
 11656 | D:9      | Found a hazy altar of Hepliaklqana.
 11657 | D:9      | Found a snail-covered altar of Cheibriados.
 11810 | D:9      | Found a runed gate.
 11811 | D:9      | Found a runed gate.
 11812 | D:9      | Found a runed gate.
 11813 | D:9      | Noticed D1HalberdGnoll's ghost (novice DsIE)
 11831 | D:9      | Found a staircase to the Orcish Mines.
 11918 | D:8      | Reached **** piety under Vehumet
 12344 | D:10     | Entered Level 10 of the Dungeon
 12345 | D:10     | Noticed Joseph
 12349 | D:10     | Killed Joseph
 12349 | D:10     | Offered knowledge of Irradiate by Vehumet.
 12717 | D:10     | Found a staircase to the Lair.
 12887 | D:10     | Reached skill level 10 in Short Blades
 13369 | D:10     | Reached ***** piety under Vehumet
 13386 | D:10     | Offered knowledge of Ozocubu's Refrigeration by Vehumet.
 13791 | D:11     | Noticed Sonja
 13806 | D:11     | Cast into level 1 of the Abyss (Sonja)
 13843 | Abyss:1  | Found a corrupted altar of Lugonu.
 13903 | Abyss:1  | Gained mutation: You are dopey. (Int -2) [a neqoxec]
 13904 | Abyss:1  | Gained mutation: You are very dopey. (Int -4) [a neqoxec]
 13919 | Abyss:1  | Gained mutation: Your magical capacity is low. (-10% MP) [a neqoxec]
 13920 | Abyss:1  | HP: 1/61 [ancient zyme (11)]
 13920 | Abyss:1  | Slain by an ancient zyme

Vault maps used:
D:1:      enne_arrival_octagon_isle, glass_columns_b, serial_park_tiny_pond
D:2:      gammafunk_temple_overflow_elements
D:3:      uniq_natasha
D:4:      temple_doors_e, okawaru_metal_pillars_3, uniq_eustachio
D:5:      first_ration, basic_altar, lemuel_flame_loot_1
D:6:      nemelex_xobeh_ov_fountains_minmay, bloody_makhleb, serial_shops,
          nicolae_shop_trees
D:7:      led_sif_pool, uniq_prince_ribbit1
D:8:      minmay_the_grid_triangle_9x9_rhombus_thin, nicolae_ru_path_of_blood,
          kennysheep_mini
D:9:      gammafunk_temple_overflow_claw, david_orc_2,
          gammafunk_ghost_necromancy, hangedman_pestilent_swarm
D:10:     due_lair_maze_entry_diamond, minivault_27, uniq_joseph
D:11:     minivault_4, uniq_sonja
Temple:   nicolae_temple_hex_pool

Skill      XL: |  1  2  3  4  5  6  7  8  9 10 11 |
---------------+----------------------------------+-----
Stealth        | 3 4 5 6 7 9 11 12 | 12.0
Earth Magic    | 4 5 6 8 |  8.1
Transmutations | 3 6 8 |  8.0
Short Blades   | 5 8 10 | 10.0
Dodging        | 3 7 |  7.3
Spellcasting   | |  2.0
Conjurations   | |  0.3

Action                   |  1- 3 |  4- 6 |  7- 9 | 10-12 || total
-------------------------+-------+-------+-------+-------++-------
Melee: Dagger            |   114 |    48 |   169 |   146 ||   477
       Unarmed           |     7 |       |       |       ||     7
       Constrict         |    25 |    14 |    38 |    34 ||   111
       Tentacles         |    13 |     6 |    30 |    32 ||    81
       Short sword       |       |       |       |    80 ||    80
Throw: Stone             |       |     1 |       |       ||     1
 Cast: Sandblast         |    15 |    41 |   111 |   158 ||   325
       Passwall          |       |     2 |     4 |     1 ||     7
       Petrify           |       |       |    17 |    48 ||    65
       Mephitic Cloud    |       |       |       |     1 ||     1
Evoke: Wand              |       |       |       |     3 ||     3
  Use: Scroll            |       |    10 |     4 |     6 ||    20
       Potion            |       |       |     1 |     2 ||     3
 Stab: Sleeping          |    10 |    10 |    14 |    14 ||    48
       Petrified         |       |       |    18 |    29 ||    47
       Petrifying        |       |       |       |     6 ||     6
       Paralysed         |       |       |       |     1 ||     1
       Confused          |       |       |       |     2 ||     2
  Eat: Chunk             |     3 |     5 |    17 |    19 ||    44
       Ration            |       |       |     1 |     3 ||     4
Armor: Skin              |    33 |     4 |    10 |    13 ||    60
Dodge: Dodged            |   103 |    32 |   166 |   176 ||   477
Block: Other             |       |       |       |    29 ||    29

Table legend:
 A = Spawn XP
 B = Non-spawn XP
 C = Spawn XP percentage of total XP
 D = Spawn monster count
 E = Non-spawn monster count
 F = Spawn count percentage of total count
 G = Total turns spent on level
                    A         B        C        D         E        F      G
               +---------+---------+-------+---------+---------+-------+---------
         Total |     186 |   16115 |   1.1 |       1 |     308 |   0.3 | 13920
               +---------+---------+-------+---------+---------+-------+---------
           D:1 |       0 |      47 |   0.0 |       0 |      28 |   0.0 |  1453
           D:2 |       0 |     176 |   0.0 |       0 |      26 |   0.0 |   935
           D:3 |       0 |     212 |   0.0 |       0 |      20 |   0.0 |  1060
           D:4 |       0 |     684 |   0.0 |       0 |      24 |   0.0 |  1027
           D:5 |       0 |     449 |   0.0 |       0 |      14 |   0.0 |  1212
           D:6 |       0 |    1505 |   0.0 |       0 |      37 |   0.0 |  1798
           D:7 |       0 |    2205 |   0.0 |       0 |      44 |   0.0 |  1515
           D:8 |       0 |    5397 |   0.0 |       0 |      47 |   0.0 |  2508
           D:9 |       0 |    2336 |   0.0 |       0 |      31 |   0.0 |   828
          D:10 |       0 |    3104 |   0.0 |       0 |      37 |   0.0 |  1436
       Abyss:1 |     186 |       0 | 100.0 |       1 |       0 | 100.0 |   114
               +---------+---------+-------+---------+---------+-------+---------

Table legend:
 A = Turns spent in this place as a percentage of turns spent in the entire game.
 B = Non-inter-level travel turns spent in this place as a percentage of non-inter-level travel turns spent in the entire game.
 C = Inter-level travel turns spent in this place as a percentage of turns spent in this place.
 D = Turns resting spent in this place as a percentage of non-inter-level travel turns spent in this place.
 E = Turns spent auto-exploring this place as a percentage of non-inter-level travel turns spent in this place.
 F = Non-inter-level travel turns spent in this place divided by the number of levels of this place that you've seen.
                   A       B       C       D       E      F
               +-------+-------+-------+-------+-------+----------------------
         Total | 100.0 | 100.0 |   5.4 |  38.8 |  33.8 | 1013.3
       Dungeon |  99.1 |  99.1 |   5.4 |  39.0 |  34.1 | 1186.6
        Temple |   0.1 |   0.0 |  25.0 |   0.0 |  33.3 |   6.0
         Abyss |   0.8 |   0.9 |   0.0 |  15.8 |   0.0 | 114.0
               +-------+-------+-------+-------+-------+----------------------

Table legend:
 A = Kills in this place as a percentage of kills in entire the game.
 B = Kills by you in this place as a percentage of kills by you in the entire game.
 C = Kills by friends in this place as a percentage of kills by friends in the entire game.
 D = Other kills in this place as a percentage of other kills in the entire game.
 E = Experience gained in this place as a percentage of experience gained in the entire game.
 F = Experience gained in this place divided by the number of levels of this place that you have seen.
                   A       B       C       D       E      F
               +-------+-------+-------+-------+-------+----------------------
         Total | 100.0 | 100.0 |   N/A |   N/A | 100.0 | 1253.9
       Dungeon |  99.7 |  99.7 |   N/A |   N/A |  98.9 | 1465.0
         Abyss |   0.3 |   0.3 |   N/A |   N/A |   1.1 | 186.0
               +-------+-------+-------+-------+-------+----------------------
